 Dungeon Crawl Stone Soup version 0.21.1-1-g345015f (webtiles) character file.

2567 Goblin1989 the Cutter (level 9, -6/66 HPs)
             Began as a Demonspawn Warper on Mar 7, 2018.
             Was a High Priest of Cheibriados.
             Mangled by a two-headed ogre
             ... wielding a +0 giant spiked club
              (25 damage)
             ... on level 8 of the Dungeon.
             The game lasted 00:25:28 (9878 turns).

Goblin1989 the Cutter (Demonspawn Warper)           Turns: 9878, Time: 00:25:29

Health: -6/66      AC:  7    Str: 24    XL:     9   Next: 31%
Magic:  13/13      EV: 20    Int: 32    God:    Cheibriados [*****.]
Gold:   349        SH:  6    Dex: 25    Spells: 2/14 levels left

rFire    . . .     SeeInvis .   w - +0 blowgun {@w1}
rCold    + . .     Gourm    +   E - +0 buckler
rNeg     . . .     Faith    .   C - +0 scale mail {rC+}
rPois    .         Spirit   .   (no helmet)
rElec    .         Reflect  .   v - +0 cloak
rCorr    .         Harm     .   (no gloves)
MR       .....                  (no boots)
Stlth    +.........             k - amulet of the gourmand
HPRegen  0.21/turn              u - +4 ring of evasion
MPRegen  0.13/turn              y - +1 ring of slaying

@: very slow
A: hooves 2, repulsion field 2, rot immunity
a: Bend Time, Temporal Distortion, Slouch, Step From Time, Renounce Religion


You were on level 8 of the Dungeon.
You worshipped Cheibriados.
Cheibriados was extremely pleased with you.
You were completely stuffed.

You visited 1 branch of the dungeon, and saw 8 of its levels.
You also visited: Sewer.

You collected 349 gold pieces.

Inventory:

Hand Weapons
 a - a +0 short sword
 w - a +0 blowgun (weapon) {@w1}
 x - the +5 spear of Impermanence {drain, *Noise +Inv +Fly rPois}
   (You found it on level 4 of the Dungeon)

   A truly terrible weapon, it drains the life of those it strikes.
   It protects you from poison.
   It lets you turn invisible.
   It lets you fly.
   It may make noises in combat.
 V - a +0 trident of venom
 Y - a +0 hunting sling
 Z - a +2 dagger of venom
Missiles
 f - a tomahawk of dispersal
 o - 20 bolts
 H - 2 tomahawks
 O - 176 stones {@Q3}
 Q - 52 sling bullets
 U - 37 poisoned needles (quivered)
Armour
 b - a +0 leather armour
 h - a +0 ring mail
 v - a +0 cloak (worn)
 C - a +0 scale mail of cold resistance (worn)
 E - a +0 buckler (worn)
Jewellery
 c - an uncursed ring of protection from cold
 k - an amulet of the gourmand (around neck)
 r - an uncursed ring of fire
 s - an uncursed ring of positive energy
 u - a +4 ring of evasion (left hand)
 y - a +1 ring of slaying (right hand)
 F - an uncursed amulet of magic regeneration
Wands
 B - a wand of polymorph (21)
 P - a wand of paralysis (20)
Scrolls
 j - a scroll of fear {unknown}
 q - a scroll of enchant weapon {unknown}
 t - 2 scrolls of random uselessness {unknown}
 D - 2 scrolls of fog
 K - 3 scrolls of remove curse {@r2}
 M - a scroll of magic mapping
 T - 3 scrolls of teleportation {!r, @r3}
 W - a scroll of amnesia {unknown}
Potions
 i - 2 potions of mutation {unknown}
 m - 2 potions of resistance
 p - a potion of degeneration {unknown}
 z - a potion of brilliance {unknown}
 A - 3 potions of haste {unknown}
 G - a potion of agility {unknown}
 I - a potion of might {unknown}
 J - 5 potions of lignification {unknown}
 N - 5 potions of flight {unknown}
 R - 3 potions of heal wounds {unknown}
 S - 2 potions of ambrosia {unknown}
 X - 7 potions of curing {@q1}
Books
 l - a book of Spatial Translocations

   Spells                             Type                      Level
   a - Blink                          Translocation                2
   b - Shroud of Golubria             Charms/Translocation         2
   c - Lesser Beckoning               Translocation                3
   d - Gell's Gravitas                Translocation                3
   e - Teleport Other                 Translocation                3
   f - Passage of Golubria            Translocation                4
 n - a book of the Dragon

   Spells                             Type                      Level
   a - Flame Tongue                   Conjuration/Fire             1
   b - Cause Fear                     Hexes                        4
   c - Bolt of Fire                   Conjuration/Fire             6
   d - Dragon Form                    Transmutation                7
   e - Dragon's Call                  Summoning                    9
 L - a book of Cantrips

   Spells                             Type                      Level
   a - Confusing Touch                Hexes                        1
   b - Animate Skeleton               Necromancy                   1
   c - Summon Small Mammal            Summoning                    1
   d - Apportation                    Translocation                1
Comestibles
 e - 10 rations
 g - 3 chunks of flesh


   Skills:
 + Level 4.7 Fighting
 * Level 6.4 Short Blades
 - Level 0.8 Throwing
 + Level 2.8 Armour
 + Level 4.2 Dodging
 - Level 3.0 Stealth
 + Level 3.6 Shields
 - Level 3.0 Spellcasting
 - Level 4.0 Translocations
 + Level 5.3 Invocations
 + Level 1.3 Evocations


You had 2 spell levels left.
You knew the following spells:

 Your Spells              Type           Power        Failure   Level  Hunger
a - Lesser Beckoning      Tloc           ####......   9%          3    ##.....
d - Blink                 Tloc           N/A          4%          2    #......
g - Passage of Golubria   Tloc           N/A          30%         4    ####...
h - Shroud of Golubria    Chrm/Tloc      ###.......   11%         2    #......
o - Apportation           Tloc           ####..       3%          1    None


Dungeon Overview and Level Annotations

Branches:
Dungeon (8/15)             Temple (0/1) D:4
   Lair: D:8-11

Altars:
Cheibriados
Dithmenos
Kikubaaqudgha
Nemelex Xobeh
Okawaru
Qazlal
Sif Muna
Uskayaw
Wu Jian
Xom
Yredelemnul

Annotations:
D:3 1 runed door
D:7 soepske's ghost, novice DsFi


Innate Abilities, Weirdness & Mutations

You have hoof-like feet.
You are surrounded by a moderate repulsion field. (EV +3)
You are immune to rotting.


Message History

You hit the orc wizard but do no damage.
Your kick misses the orc wizard. The orc wizard casts a spell at you.
The magic dart hits you!
You take 3 damage, and have 39/66 hp.
You are too injured to fight recklessly!
You are too injured to fight recklessly!
You are too injured to fight recklessly!
You are too injured to fight recklessly!
You are too injured to fight recklessly!
You are too injured to fight recklessly!
You are too injured to fight recklessly!
You are too injured to fight recklessly!
You are too injured to fight recklessly!
You are too injured to fight recklessly!
You are too injured to fight recklessly!
You are too injured to fight recklessly!
You are too injured to fight recklessly!
You are too injured to fight recklessly!
You are too injured to fight recklessly!
You are too injured to fight recklessly!
You are too injured to fight recklessly!
You are too injured to fight recklessly!
You are too injured to fight recklessly!
You are too injured to fight recklessly!
You are too injured to fight recklessly!
You are too injured to fight recklessly!
Unknown command.
You hit the orc wizard. You kick the orc wizard.
The orc wizard is almost dead.
The orc wizard points at you and mumbles some strange words.
The magic dart hits you!
You take 5 damage, and have 34/66 hp.
You hit the orc priest.
The orc priest is poisoned.
You kick the orc priest.
The orc priest is lightly wounded.
The orc wizard points at you and mumbles some strange words.
The magic dart hits you!
You take 2 damage, and have 32/66 hp.
You hit the orc priest.
The orc priest looks as sick as possible!
You kick the orc priest!
The orc priest is severely wounded.
The orc priest begins to cast a cantrip, but forgets the words!
The orc wizard gestures at you while chanting.
The magic dart hits you!
* * * LOW HITPOINT WARNING * * *
You take 7 damage, and have 25/66 hp.
You hit the orc wizard.
The orc wizard is poisoned.
You kick the orc wizard, but do no damage.
The orc wizard is almost dead.
The orc wizard casts a spell at you. The magic dart hits you!
* * * LOW HITPOINT WARNING * * *
The orc priest looks braver for a moment.
You take 8 damage, and have 17/66 hp.
You hit the orc priest.
You kill the orc priest!
Cheibriados appreciates the change of pace.
The orc wizard completely misses you.
Unknown command.
You barely miss the orc wizard.
You kick the orc wizard, but do no damage.
The orc wizard is almost dead.
You block the orc wizard's attack.
Unknown command.
You puncture the orc wizard!
You kill the orc wizard!
Cheibriados thoroughly appreciates the change of pace.
Cheibriados raises the support of your attributes as your movement slows.
Unknown command.
Things that are here:
a dagger; a robe; an orc corpse You butcher the orc corpse.
g - 3 chunks of flesh (gained 1)
Things that are here:
a dagger; a robe A two-headed ogre comes into view.
It is wielding two giant spiked clubs.
A two-headed ogre is nearby!
Things that are here:
a dagger; 14 gold pieces; an orc corpse Wield which item (- for none, * to show all)? (? for menu, Esc to quit)
Okay, then.
The two-headed ogre shouts in stereo!
Items here: )) [[ †† Wield which item (- for none, * to show all)? (? for menu, Esc to quit)
Your +2 dagger of venom stops dripping with poison.
w - a +0 blowgun (weapon)
{@w1} Firing (i - inventory. (,) - cycle):
U - 39 poisoned needles (quivered)
Press: ? - help, Shift-Dir - straight line, f - two-headed ogre
Aim: a two-headed ogre, wielding two giant spiked clubs You shoot a poisoned needle.
The poisoned needle hits the two-headed ogre.
Firing (i - inventory. (,) - cycle):
U - 38 poisoned needles (quivered)
Press: ? - help, Shift-Dir - straight line, f/p - two-headed ogre
Aim: a two-headed ogre, wielding two giant spiked clubs You shoot a poisoned needle.
The poisoned needle hits the two-headed ogre.
The two-headed ogre is poisoned.
The two-headed ogre closely misses you.
The two-headed ogre hits you with a giant spiked club!!
You die...

█... █....).....
████∆████..).......
████.............███.█
......................
█....................
███████.██.██....?....
......................
█.███████..█.█████.█.███
.......@O((....█ .█.█
..███████.█..█.█ █ ██
█........ █. █..█.█.██
█. █..█...█ █. ........
.██. ...█.... .... .....
███


You could see a two-headed ogre.

Vanquished Creatures
  3 ice beasts
  2 orc warriors (D:8)
  2 sky beasts
  An ogre (D:6)
  2 centaurs
  A big kobold (Sewer)
  3 bullfrogs
  2 scorpions
  A water moccasin skeleton (D:8)
  3 wights (D:8)
  2 howler monkeys
  4 crimson imps
  A centaur zombie (D:7)
  4 orc priests
  3 hounds
  A bullfrog skeleton (D:4)
  A human skeleton (D:3)
  An iguana (D:8)
  6 orc wizards
  4 worker ants
  The ghost of letownia2 the Conjurer, a weakling TeCj (D:4)
  14 adders
  A river rat (D:5)
  4 shadow imps
  4 oozes
  An adder skeleton (D:3)
  A worm (D:2)
  2 leopard geckos (D:3)
  28 orcs
  5 ball pythons
  6 bats (D:2)
  8 giant cockroaches
  9 goblins
  7 hobgoblins
  6 jackals
  8 quokkas
  10 frilled lizards
  22 kobolds
  12 rats
196 creatures vanquished.

Notes
Turn   | Place    | Note
-------+----------+-------------------------------------------
     0 | D:1      | Goblin1989 the Demonspawn Warper began the quest for the Orb.
     0 | D:1      | Reached XP level 1. HP: 16/16 MP: 3/3
    21 | D:1      | Reached skill level 2 in Short Blades
   182 | D:1      | Gained mutation: You have large cloven feet. [demonic ancestry]
   182 | D:1      | Reached XP level 2. HP: 18/22 MP: 5/5
   257 | D:1      | Found a snail-covered altar of Cheibriados.
   276 | D:1      | Became a worshipper of Cheibriados the Contemplative
   786 | D:1      | Reached skill level 1 in Stealth
  1161 | D:2      | Gained mutation: You have hoof-like feet. [demonic ancestry]
  1161 | D:2      | Reached XP level 3. HP: 27/27 MP: 6/6
  1179 | D:2      | Reached skill level 3 in Short Blades
  1333 | D:2      | Reached * piety under Cheibriados
  1711 | D:2      | Learned a level 3 spell: Lesser Beckoning
  1904 | D:2      | Gained mutation: You are surrounded by a mild repulsion field. (EV +2) [demonic ancestry]
  1904 | D:2      | Reached XP level 4. HP: 31/33 MP: 7/7
  2001 | D:2      | Found a basalt altar of Yredelemnul.
  2909 | D:3      | Reached ** piety under Cheibriados
  3523 | D:3      | Reached XP level 5. HP: 37/39 MP: 8/8
  3747 | D:3      | Found a runed door.
  3754 | D:3      | Reached skill level 1 in Invocations
  3755 | D:3      | Noticed a human
  3756 | D:3      | Found a basalt altar of Yredelemnul.
  3995 | D:3      | Learned a level 2 spell: Shroud of Golubria
  4114 | D:3      | Reached skill level 1 in Shields
  4394 | D:4      | Reached XP level 6. HP: 46/46 MP: 9/9
  4475 | D:4      | Reached *** piety under Cheibriados
  4539 | D:4      | Noticed letownia2's ghost (weakling TeCj)
  4544 | D:4      | Killed letownia2's ghost
  4544 | D:4      | Reached skill level 4 in Short Blades
  4678 | D:4      | Found a shadowy altar of Dithmenos.
  4682 | D:4      | Found a shimmering altar of Xom.
  4683 | D:4      | Found a hide-covered altar of Uskayaw.
  4760 | D:4      | Found a sparkling altar of Nemelex Xobeh.
  4761 | D:4      | Found an iron altar of Okawaru.
  4768 | D:4      | Found a stormy altar of Qazlal.
  4771 | D:4      | Found a deep blue altar of Sif Muna.
  5443 | D:4      | Got a slimy spear
  5498 | D:4      | Found a staircase to the Ecumenical Temple.
  5512 | D:5      | Entered Level 5 of the Dungeon
  5515 | D:5      | Identified the +5 spear of Impermanence {drain, *Noise +Inv +Fly rPois} (You found it on level 4 of the Dungeon)
  5520 | D:5      | Noticed an orc warrior
  5815 | D:5      | Reached XP level 7. HP: 40/52 MP: 7/11
  5879 | D:5      | Found a glowing drain.
  5923 | D:5      | Reached **** piety under Cheibriados
  5935 | Sewer    | Entered a sewer
  6763 | Sewer    | Learned a level 4 spell: Passage of Golubria
  6766 | Sewer    | Learned a level 2 spell: Blink
  6993 | D:5      | Found an ornate altar of the Wu Jian Council.
  7004 | D:5      | Reached ***** piety under Cheibriados
  7107 | D:5      | Learned a level 1 spell: Apportation
  7549 | D:6      | Reached skill level 1 in Armour
  7549 | D:6      | Gained mutation: You are surrounded by a moderate repulsion field. (EV +3) [demonic ancestry]
  7549 | D:6      | Reached XP level 8. HP: 50/58 MP: 12/12
  7746 | D:6      | Reached skill level 5 in Short Blades
  9342 | D:7      | Noticed soepske's ghost (novice DsFi)
  9544 | D:7      | Found an ancient bone altar of Kikubaaqudgha.
  9647 | D:8      | Reached skill level 6 in Short Blades
  9647 | D:8      | Gained mutation: You are immune to rotting. [demonic ancestry]
  9647 | D:8      | Reached XP level 9. HP: 66/66 MP: 13/13
  9664 | D:8      | Reached skill level 5 in Invocations
  9820 | D:8      | Reached skill level 1 in Evocations
  9874 | D:8      | Noticed a two-headed ogre
  9878 | D:8      | Mangled by a two-headed ogre

Skill      XL: |  1  2  3  4  5  6  7  8  9 |
---------------+----------------------------+-----
Short Blades   | 2 3 4 6 |  6.4
Stealth        | 1 2 3 |  3.0
Dodging        | 2 3 4 |  4.2
Invocations    | 1 2 3 4 5 |  5.3
Shields        | 1 2 3 |  3.6
Translocations | 3 4 |  4.0
Fighting       | 3 4 |  4.7
Spellcasting   | 3 |  3.0
Armour         | 1 2 |  2.8
Evocations     | 1 |  1.3
Throwing       | |  0.8

Action                   |  1- 3 |  4- 6 |  7- 9 || total
-------------------------+-------+-------+-------++-------
Melee: Short sword       |   132 |   252 |    99 ||   483
       Kick              |    22 |    78 |   168 ||   268
       Dagger            |       |       |   241 ||   241
 Fire: Blowgun           |       |       |     7 ||     7
Throw: Stone             |       |     5 |       ||     5
       Tomahawk          |       |     4 |     1 ||     5
 Cast: Lesser Beckoning  |       |     1 |       ||     1
       Apportation       |       |       |     1 ||     1
Invok: Bend Time         |       |     2 |       ||     2
  Use: Potion            |       |     2 |     1 ||     3
       Scroll            |       |     9 |       ||     9
 Stab: Sleeping          |     1 |     5 |       ||     6
  Eat: Chunk             |     3 |     5 |    20 ||    28
Armor: Leather armour    |    26 |    18 |       ||    44
       Ring mail         |       |     3 |       ||     3
       Scale mail        |       |    24 |    47 ||    71
Dodge: Dodged            |    79 |   147 |   189 ||   415
Block: Buckler           |       |    25 |    53 ||    78

Vault maps used:
D:1:      saegor_arrival_miasma, cheibriados_altar_1
D:2:      lemuel_crystal_altar
D:3:      wad_crossroads, dk_yredelemnul_ordeal, uniq_crazy_yiuf_cottage
D:4:      grunt_temple_overflow_open, minmay_temple_entry_fiery
D:5:      nicolae_overflow_hidden_temple, portal_sewer_entry_a, first_ration,
          corner_web_ring
D:6:      minmay_misc_feat_alley, corexii_item_surrounded_by_moat
D:7:      kiku_gazebo_garden_becter
Sewer:    kennysheep_pipe_town
